[Event "FIDE WYCC Girls U14 2023"]
[Site "Montesilvano"]
[Date "2023.11.14"]
[Round "2.28"]
[White "Avetisyan, Ani"]
[Black "Dimatangihan Anica Shey"]
[Result "1-0"]
[ECO "E70"]
[WhiteElo "1770"]
[BlackElo "1091"]
[Annotator "NA"]
[PlyCount "121"]
[EventDate "2023.11.13"]
[EventType "swiss"]
[EventCountry "ITA"]
[SourceTitle "playchess.com"]
[Source "ChessBase"]
[SourceQuality "1"]
[TimeControl "40/5400+30:1800+30"]

1. d4 Nf6 2. c4 g6 3. Nc3 Bg7 4. e4 d6 5. Nge2 O-O 6. Ng3 e5 7. d5 a5 8. h4 h5 9. Bg5 Qe8 10. Be2 Na6 11. Qd2 Bd7 12. Rb1 Nc5 13. b3 b6 14. a3 a4 15. b4 Nb3 16. Qd3 Qc8 17. Nb5 Bxb5 18. cxb5 Qd7 19. Rh3 Rfc8 20. Nf1 Nd4 21. Nd2 Qe8 22. Rg3 Nh7 23. Be3 Nxe2 24. Qxe2 Qe7 25. Nf3 Qd7 26. Nd2 Nf6 27. Bg5 Kf8 28. Rc1 Ng8 29. Rgc3 Ra7 30. Nc4 Rb7 31. Kf1 Ne7 32. Nd2 Re8 33. Qd1 Qxb5+ 34. Kg1 Rc8 35. Nc4 Qd7 36. Nb2 b5 37. Qe2 Ng8 38. Qd3 Nf6 39. Rc6 Ng8 40. Nd1 Ne7 41. R6c2 Ke8 42. Nc3 Rb6 43. Ne2 c6 44. Bxe7 Kxe7 45. dxc6 Rbxc6 46. Rxc6 Rxc6 47. Nc3 Qb7 48. Rd1 Bf8 49. Nxb5 Qa6 50. Nd4 exd4 51. b5 Qb6 52. bxc6 Qxc6 53. Qxd4 f6 54. Qa7+ Ke6 55. Qa5 Ke7 56. Qd5 Qb6 57. Rd4 Qc7 58. Rc4 Qd7 59. Rb4 Qd8 60. Rb7+ Ke8 61. Qf7# 1-0

[Event "FIDE WYCC Girls U14 2023"]
[Site "Montesilvano"]
[Date "2023.11.14"]
[Round "2.29"]
[White "Chasouraki, Chrysi"]
[Black "Jankovic, Tamara"]
[Result "1/2-1/2"]
[ECO "B62"]
[WhiteElo "1559"]
[BlackElo "1711"]
[Annotator "NA"]
[PlyCount "113"]
[EventDate "2023.11.13"]
[EventType "swiss"]
[EventCountry "ITA"]
[SourceTitle "playchess.com"]
[Source "ChessBase"]
[SourceQuality "1"]
[TimeControl "40/5400+30:1800+30"]

1. e4 c5 2. Nf3 d6 3. d4 cxd4 4. Nxd4 Nf6 5. Nc3 Nc6 6. Bg5 e6 7. Qd3 h6 8. Nxc6 bxc6 9. Bf4 a6 10. O-O-O d5 11. Be2 Bb4 12. Qg3 Rg8 13. exd5 cxd5 14. Bc7 Qe7 15. Be5 Bb7 16. Bf3 Rd8 17. Rhe1 Bd6 18. Rd2 Kf8 19. Bd1 Bxe5 20. Qxe5 Qd6 21. Qd4 Rc8 22. f4 Qc5 23. Qd3 Qc4 24. Qe3 Qc5 25. Rd4 Nd7 26. g4 Re8 27. Qd2 Nb6 28. h4 Nc4 29. Rxc4 Qxc4 30. Bf3 Qc7 31. f5 d4 32. Bxb7 dxc3 33. Qg2 cxb2+ 34. Kb1 e5 35. Bxa6 Rd8 36. Qe2 Re8 37. Qd2 Qb6 38. Bc4 Rd8 39. Qc3 Qd4 40. Qb4+ Qd6 41. Qxd6+ Rxd6 42. Rxe5 g6 43. fxg6 Rgxg6 44. Re4 Rd1+ 45. Kxb2 Rg1 46. Be2 Re6 47. Rxe6 fxe6 48. a4 Ke7 49. a5 Kd6 50. a6 Kc7 51. Kc3 Rg3+ 52. Kd4 Rh3 53. h5 Rh2 54. Ke3 Rh3+ 55. Kf4 Rc3 56. Bd3 Rc5 57. Ke4 1/2-1/2

[Event "FIDE WYCC Girls U14 2023"]
[Site "Montesilvano"]
[Date "2023.11.14"]
[Round "2.30"]
[White "Agamyradova, Mahri"]
[Black "Hong, Jueun"]
[Result "1-0"]
[ECO "D02"]
[WhiteElo "1652"]
[BlackElo "1299"]
[Annotator "NA"]
[PlyCount "93"]
[EventDate "2023.11.13"]
[EventType "swiss"]
[EventCountry "ITA"]
[SourceTitle "playchess.com"]
[Source "ChessBase"]
[SourceQuality "1"]
[TimeControl "40/5400+30:1800+30"]

1. d4 Nf6 2. Nf3 d5 3. Bf4 e6 4. e3 Bd6 5. Ne5 O-O 6. Bd3 c5 7. c3 Nc6 8. Nd2 Qc7 9. Ndf3 cxd4 10. exd4 Ne4 11. Bg3 f6 12. Nxc6 bxc6 13. Bxd6 Qxd6 14. O-O a5 15. Qe2 f5 16. c4 c5 17. dxc5 Nxc5 18. cxd5 Nxd3 19. Qxd3 Ba6 20. Qe3 Bxf1 21. Rxf1 exd5 22. Rd1 g6 23. Qd4 Rfd8 24. Ne5 Rac8 25. h3 Qb4 26. Qa7 Rf8 27. Qd7 Qxb2 28. Qxd5+ Kh8 29. Nf7+ Kg7 30. Ng5 Kh8 31. Qd7 Qg7 32. Qxg7+ Kxg7 33. Ne6+ Kh6 34. Nxf8 Rxf8 35. Rd5 Ra8 36. f4 Ra7 37. Kf2 Kh5 38. g4+ Kh4 39. gxf5 gxf5 40. Rxf5 Kxh3 41. Kf3 Kh2 42. Rh5+ Kg1 43. f5 a4 44. f6 Rf7 45. Rf5 h5 46. Kg3 a3 47. Kh4 1-0

[Event "FIDE WYCC Girls U14 2023"]
[Site "Montesilvano"]
[Date "2023.11.14"]
[Round "2.31"]
[White "Abou Taam, Fatima"]
[Black "Khamdamova, Afruza"]
[Result "0-1"]
[ECO "C55"]
[WhiteElo "1342"]
[BlackElo "2199"]
[Annotator "ChessBase"]
[PlyCount "70"]
[EventDate "2023.11.13"]
[EventType "swiss"]
[EventCountry "ITA"]
[SourceTitle "playchess.com"]
[Source "ChessBase"]
[SourceQuality "1"]
[TimeControl "40/5400+30:1800+30"]

1. e4 e5 2. Nf3 Nc6 3. Bc4 Nf6 4. d4 exd4 5. e5 d5 6. Bb5 Ne4 7. Nxd4 Bd7 8. Nxc6 bxc6 9. Bd3 Bc5 10. O-O Qh4 11. Bxe4 dxe4 12. Nc3 Bf5 13. Qe2 O-O 14. Be3 Bb6 15. Bxb6 cxb6 16. Qc4 Qe7 17. Nxe4 Qxe5 18. Ng3 Be6 19. Qb4 c5 20. Qa3 Rfd8 21. Rfe1 Qf6 22. Re3 Qg6 23. Qc3 Rd4 24. Rae1 h5 25. Re4 h4 26. Rxd4 cxd4 27. Qc6 Rc8 28. Qd6 hxg3 29. hxg3 Qf6 30. Re2 Bf5 31. Qa3 Bxc2 32. Qa6 Bf5 33. f3 d3 34. Rd2 Rc1+ 35. Kf2 Qd4# 0-1

[Event "FIDE WYCC Girls U14 2023"]
[Site "Montesilvano"]
[Date "2023.11.14"]
[Round "2.32"]
[White "Toth, Lili"]
[Black "Canossa, Elena"]
[Result "1-0"]
[ECO "C42"]
[WhiteElo "2199"]
[BlackElo "1326"]
[Annotator "ChessBase"]
[PlyCount "75"]
[EventDate "2023.11.13"]
[EventType "swiss"]
[EventCountry "ITA"]
[SourceTitle "playchess.com"]
[Source "ChessBase"]
[SourceQuality "1"]
[TimeControl "40/5400+30:1800+30"]

1. e4 e5 2. Nf3 Nf6 3. Nc3 d5 4. exd5 Nxd5 5. Nxe5 Nxc3 6. bxc3 Bd6 7. Nc4 O-O 8. Nxd6 Qxd6 9. Be2 Nc6 10. d4 Re8 11. O-O Bf5 12. Be3 Rad8 13. a4 Re6 14. Re1 Qd5 15. c4 Qd7 16. d5 Ree8 17. dxc6 Qxc6 18. Qb1 a5 19. Bf3 Qxc4 20. Qxb7 Rb8 21. Qc6 Qxc2 22. Rac1 Qxc6 23. Bxc6 Red8 24. h3 Rd6 25. Bf4 Re6 26. Rxe6 Bxe6 27. Bxc7 Rc8 28. Rd1 g6 29. Rd8+ Rxd8 30. Bxd8 f5 31. Bxa5 Kf7 32. Bc7 Kf6 33. a5 Kg5 34. a6 Kh5 35. a7 h6 36. a8=Q Kg5 37. Qd8+ Kh5 38. Bf3# 1-0

[Event "FIDE WYCC Girls U14 2023"]
[Site "Montesilvano"]
[Date "2023.11.14"]
[Round "2.33"]
[White "Goriachkina, Oksana"]
[Black "Michalska, Lena"]
[Result "1-0"]
[ECO "A05"]
[WhiteElo "1915"]
[BlackElo "1640"]
[Annotator "NA"]
[PlyCount "71"]
[EventDate "2023.11.13"]
[EventType "swiss"]
[EventCountry "ITA"]
[SourceTitle "playchess.com"]
[Source "ChessBase"]
[SourceQuality "1"]
[TimeControl "40/5400+30:1800+30"]

1. Nf3 Nf6 2. g3 c5 3. c4 g6 4. Bg2 Bg7 5. d4 cxd4 6. Nxd4 Nc6 7. Nc3 O-O 8. Nc2 d6 9. O-O Be6 10. b3 Qd7 11. Re1 Rfd8 12. e4 Bh3 13. Bb2 Bxg2 14. Kxg2 e6 15. Qe2 a6 16. Rad1 Qc7 17. Ne3 Ne7 18. Qf3 Qc6 19. Ncd5 exd5 20. exd5 Nfxd5 21. cxd5 Qd7 22. Bf6 Bxf6 23. Qxf6 Nc8 24. Ng4 h5 25. Nh6+ Kh7 26. Nxf7 Rg8 27. Ng5+ Kh6 28. Re6 b5 29. Qf4 Ra7 30. Ne4+ Kg7 31. Nf6 Rf8 32. Qg5 Qf7 33. Nxh5+ Kh7 34. Rf6 Qe8 35. Re1 Ne7 36. Rfe6 1-0

[Event "FIDE WYCC Girls U14 2023"]
[Site "Montesilvano"]
[Date "2023.11.14"]
[Round "2.34"]
[White "Stoll, Lucia"]
[Black "Antenreiter, Lena"]
[Result "1-0"]
[ECO "B99"]
[WhiteElo "1887"]
[BlackElo "1309"]
[Annotator "NA"]
[PlyCount "58"]
[EventDate "2023.11.13"]
[EventType "swiss"]
[EventCountry "ITA"]
[SourceTitle "playchess.com"]
[Source "ChessBase"]
[SourceQuality "1"]
[TimeControl "40/5400+30:1800+30"]

1. e4 c5 2. Nf3 d6 3. d4 cxd4 4. Nxd4 Nf6 5. Nc3 a6 6. Bg5 e6 7. f4 Be7 8. Qf3 Qc7 9. O-O-O Nbd7 10. g4 h6 11. Bxf6 Bxf6 12. h4 Nb6 13. Be2 Bd7 14. g5 hxg5 15. hxg5 Rxh1 16. Qxh1 Be7 17. g6 fxg6 18. Qh7 Bf6 19. Qxg6+ Ke7 20. Rd3 Rh8 21. Qg2 Nc4 22. Nf5+ Kf7 23. Ne3 Nxe3 24. Rxe3 b5 25. f5 exf5 26. exf5 Bxf5 27. Qd5+ Kg6 28. Bd3 Bxd3 29. Rg3+ Kh6 1-0

[Event "FIDE WYCC Girls U14 2023"]
[Site "Montesilvano"]
[Date "2023.11.14"]
[Round "2.35"]
[White "Nordahl, Christine"]
[Black "Yu, Avery"]
[Result "1-0"]
[ECO "B99"]
[WhiteElo "1316"]
[BlackElo "1861"]
[Annotator "NA"]
[PlyCount "55"]
[EventDate "2023.11.13"]
[EventType "swiss"]
[EventCountry "ITA"]
[SourceTitle "playchess.com"]
[Source "ChessBase"]
[SourceQuality "1"]
[TimeControl "40/5400+30:1800+30"]

1. e4 c5 2. Nf3 d6 3. d4 cxd4 4. Nxd4 Nf6 5. Nc3 a6 6. Bg5 e6 7. f4 Be7 8. Qf3 Nbd7 9. O-O-O Qc7 10. g4 b5 11. Bxf6 Bxf6 12. Bxb5 axb5 13. Ndxb5 Qb8 14. Nxd6+ Kf8 15. e5 Bxe5 16. fxe5 Nxe5 17. Qf4 f6 18. g5 Ke7 19. gxf6+ gxf6 20. Qh6 Nf7 21. Qg7 Rf8 22. Rhf1 f5 23. Nxf5+ exf5 24. Rfe1+ Be6 25. Nd5+ Kd6 26. Nb6+ Ke7 27. Rd7+ Ke8 28. Rxe6# 1-0

[Event "FIDE WYCC Girls U14 2023"]
[Site "Montesilvano"]
[Date "2023.11.15"]
[Round "3.1"]
[White "Sneha Halder"]
[Black "Mou, Iris"]
[Result "0-1"]
[ECO "A03"]
[WhiteElo "1807"]
[BlackElo "2086"]
[Annotator "NA"]
[PlyCount "112"]
[EventDate "2023.11.13"]
[EventType "swiss"]
[EventCountry "ITA"]
[SourceTitle "playchess.com"]
[Source "ChessBase"]
[SourceQuality "1"]
[TimeControl "40/5400+30:1800+30"]

1. f4 d5 2. Nf3 Nf6 3. g3 b5 4. Bg2 Bb7 5. b3 e6 6. Bb2 Be7 7. O-O O-O 8. Ne5 Nbd7 9. e3 c5 10. d3 Qb6 11. Nd2 a5 12. a4 c4 13. Bd4 Bc5 14. Bxc5 Qxc5 15. d4 Qc7 16. axb5 c3 17. Nb1 Nb6 18. g4 Ne4 19. Rf3 a4 20. bxa4 Nxa4 21. Qe1 Nb2 22. Rxa8 Rxa8 23. Rh3 f6 24. b6 Qe7 25. Qh4 g5 26. Qh6 fxe5 27. Bxe4 dxe4 28. Rh5 exf4 29. Rxg5+ Kh8 30. Rc5 Qf8 31. Qxe6 fxe3 32. Qe5+ Qg7 33. Qxg7+ Kxg7 34. Nxc3 Nd1 35. Ne2 Rc8 36. Rxc8 Bxc8 37. c4 Kf6 38. h4 Nf2 39. g5+ Kf5 40. Kg2 Kg4 41. Nc3 Nd3 42. Nxe4 Nf4+ 43. Kf1 Ba6 44. Ke1 Bxc4 45. Nc3 Ba6 46. d5 Kf5 47. d6 Ke6 48. h5 Kxd6 49. g6 h6 50. g7 Bc4 51. Nb5+ Kc6 52. Nd4+ Kxb6 53. Nc2 Ng2+ 54. Kd1 e2+ 55. Kd2 e1=Q+ 56. Nxe1 Nxe1 0-1

[Event "FIDE WYCC Girls U14 2023"]
[Site "Montesilvano"]
[Date "2023.11.15"]
[Round "3.2"]
[White "Skramstad, Oda Kofoed"]
[Black "Mgeladze, Kesaria"]
[Result "1/2-1/2"]
[ECO "A57"]
[WhiteElo "1801"]
[BlackElo "2065"]
[Annotator "NA"]
[PlyCount "50"]
[EventDate "2023.11.13"]
[EventType "swiss"]
[EventCountry "ITA"]
[SourceTitle "playchess.com"]
[Source "ChessBase"]
[SourceQuality "1"]
[TimeControl "40/5400+30:1800+30"]

1. d4 Nf6 2. c4 c5 3. d5 b5 4. cxb5 a6 5. b6 e6 6. Nc3 Nxd5 7. Nxd5 exd5 8. Qxd5 Nc6 9. Nf3 Rb8 10. Ne5 Qf6 11. Nxc6 dxc6 12. Qg5 Be7 13. Qxf6 Bxf6 14. e4 Rxb6 15. Bc4 Rb4 16. Bd3 c4 17. Bd2 Rxb2 18. Bxc4 O-O 19. Rc1 Re8 20. Be3 Rxe4 21. O-O Re8 22. Rfd1 Be6 23. Bxa6 Bd5 24. Bc4 Bxc4 25. Rxc4 Rxa2 1/2-1/2

[Event "FIDE WYCC Girls U14 2023"]
[Site "Montesilvano"]
[Date "2023.11.15"]
[Round "3.3"]
[White "Lyutsinger, Iren"]
[Black "Montano Vicente, Guadalupe"]
[Result "1-0"]
[ECO "B94"]
[WhiteElo "2020"]
[BlackElo "1794"]
[Annotator "NA"]
[PlyCount "151"]
[EventDate "2023.11.13"]
[EventType "swiss"]
[EventCountry "ITA"]
[SourceTitle "playchess.com"]
[Source "ChessBase"]
[SourceQuality "1"]
[TimeControl "40/5400+30:1800+30"]

1. e4 c5 2. Nf3 d6 3. d4 cxd4 4. Nxd4 Nf6 5. Nc3 a6 6. Bg5 Nbd7 7. Bc4 Qc7 8. Qe2 b5 9. Bb3 Bb7 10. O-O-O e6 11. Rhe1 Be7 12. Bxe6 fxe6 13. Nxe6 Qc4 14. Qxc4 bxc4 15. Nc7+ Kf7 16. Nxa8 Rxa8 17. f4 Nc5 18. e5 dxe5 19. fxe5 Nfe4 20. e6+ Ke8 21. Bxe7 Kxe7 22. Nd5+ Bxd5 23. Rxd5 Rc8 24. Kd1 Nf6 25. Rde5 Rc6 26. Kd2 Nxe6 27. Kc3 Kf7 28. h3 h6 29. a4 Nf4 30. Rd1 Ne6 31. a5 Kg6 32. Kb4 Kf7 33. g4 Kg6 34. Rd2 Kf7 35. Ka4 Ke7 36. b4 cxb3 37. cxb3 Nd7 38. Red5 Rc7 39. b4 Nf6 40. Re5 Nd7 41. Re3 Nf6 42. Rdd3 Rc1 43. Ka3 Rb1 44. Rd2 Rc1 45. Kb2 Rc4 46. Kb3 Rc6 47. Rc2 Rxc2 48. Kxc2 Nd5 49. Re4 Kd6 50. Kb3 Ng5 51. Re8 Ne6 52. Rb8 Ndc7 53. Kc4 Kc6 54. Rb6+ Kd7 55. h4 Ke7 56. Kd3 Kd8 57. Ke4 Ke8 58. Ke5 Ke7 59. Kf5 Kf7 60. Rb7 Kf8 61. Ra7 Ke7 62. Kg6 Kd6 63. Rb7 Ke5 64. Rb6 Kf4 65. Kf7 Kxg4 66. Rxe6 Nxe6 67. Kxe6 Kxh4 68. b5 axb5 69. a6 g5 70. a7 g4 71. a8=Q h5 72. Kf5 Kg3 73. Qa3+ Kf2 74. Kf4 Ke2 75. Qb2+ Kf1 76. Kg3 1-0

[Event "FIDE WYCC Girls U14 2023"]
[Site "Montesilvano"]
[Date "2023.11.15"]
[Round "3.4"]
[White "Stankovic, Andrea"]
[Black "Arzur, Maia"]
[Result "1-0"]
[ECO "D52"]
[WhiteElo "1768"]
[BlackElo "1997"]
[Annotator "NA"]
[PlyCount "55"]
[EventDate "2023.11.13"]
[EventType "swiss"]
[EventCountry "ITA"]
[SourceTitle "playchess.com"]
[Source "ChessBase"]
[SourceQuality "1"]
[TimeControl "40/5400+30:1800+30"]

1. d4 d5 2. Nf3 Nf6 3. c4 e6 4. Nc3 c6 5. Bg5 Nbd7 6. e3 Qa5 7. Nd2 Bb4 8. Qc2 O-O 9. Be2 c5 10. O-O cxd4 11. Nb3 Qb6 12. Na4 Qc7 13. Nxd4 dxc4 14. Bxc4 Bd6 15. Rac1 Bxh2+ 16. Kh1 Bd6 17. Nb5 Qa5 18. a3 Nb6 19. Bxf6 gxf6 20. Nxd6 Qxa4 21. Qe4 Nxc4 22. Qg4+ Kh8 23. Rxc4 Qa5 24. Rfc1 Bd7 25. Rc7 Be8 26. Rc8 Qe5 27. Rxa8 Qxd6 28. Qb4 1-0

[Event "FIDE WYCC Girls U14 2023"]
[Site "Montesilvano"]
[Date "2023.11.15"]
[Round "3.5"]
[White "Trunz, Tamila"]
[Black "Kirtadze, Anastasia"]
[Result "1/2-1/2"]
[ECO "B44"]
[WhiteElo "1732"]
[BlackElo "1921"]
[Annotator "NA"]
[PlyCount "139"]
[EventDate "2023.11.13"]
[EventType "swiss"]
[EventCountry "ITA"]
[SourceTitle "playchess.com"]
[Source "ChessBase"]
[SourceQuality "1"]
[TimeControl "40/5400+30:1800+30"]

1. e4 c5 2. Nf3 e6 3. d4 cxd4 4. Nxd4 Nc6 5. Nb5 d6 6. N1c3 a6 7. Nd4 Qc7 8. Be2 Nf6 9. Be3 Be7 10. O-O O-O 11. f4 Bd7 12. Qe1 d5 13. e5 Ne4 14. Nxe4 dxe4 15. c3 f5 16. Rc1 Nxd4 17. cxd4 Bc6 18. Bc4 Qd7 19. Rf2 Kh8 20. Rfc2 g5 21. Qd2 gxf4 22. Bxf4 Rad8 23. Be3 Rg8 24. Bxa6 Rg7 25. Bc4 Rdg8 26. g3 Bg5 27. Rf1 Bxe3+ 28. Qxe3 Rg4 29. Rd2 R8g6 30. Qa3 Qe8 31. Qe3 Qg8 32. Rg2 Qg7 33. Be2 Rh4 34. Rf4 Rh3 35. Bf1 h5 36. b4 h4 37. Rxh4+ Rxh4 38. gxh4 Rxg2+ 39. Bxg2 f4 40. Qxf4 e3 41. Qg3 e2 42. Kf2 Bxg2 43. Kxe2 Bc6 44. Ke3 Kh7 45. a3 Qg6 46. Qf4 Qg1+ 47. Kd2 Qg6 48. Qg5 Qf7 49. Qg3 Qf5 50. Kc3 b5 51. Kd2 Qb1 52. Qc3 Qe4 53. Qg3 Qxd4+ 54. Qd3+ Qxd3+ 55. Kxd3 Kg6 56. Kd4 Be8 57. Kc5 Kf5 58. Kd6 Bh5 59. Kc5 Kxe5 60. Kxb5 Kf4 61. Kc5 e5 62. b5 Be2 63. b6 Bf3 64. a4 Bb7 65. Kb5 e4 66. a5 e3 67. a6 Bxa6+ 68. Kxa6 e2 69. b7 e1=Q 70. b8=Q+ 1/2-1/2

[Event "FIDE WYCC Girls U14 2023"]
[Site "Montesilvano"]
[Date "2023.11.15"]
[Round "3.6"]
[White "Khulan, Bayarsaikhan"]
[Black "Goriachkina, Oksana"]
[Result "1-0"]
[ECO "A06"]
[WhiteElo "1615"]
[BlackElo "1915"]
[Annotator "NA"]
[PlyCount "81"]
[EventDate "2023.11.13"]
[EventType "swiss"]
[EventCountry "ITA"]
[SourceTitle "playchess.com"]
[Source "ChessBase"]
[SourceQuality "1"]
[TimeControl "40/5400+30:1800+30"]

1. Nf3 d5 2. g3 Bg4 3. Bg2 c6 4. d4 Nd7 5. Nbd2 Ngf6 6. c4 e6 7. O-O Bd6 8. b3 a5 9. a4 O-O 10. Bb2 Qc7 11. Qc2 Bf5 12. Qc1 h6 13. Re1 Ne4 14. Nxe4 Bxe4 15. Nd2 Bxg2 16. Kxg2 f5 17. Nf3 Rf6 18. Qe3 g5 19. Qd3 Raf8 20. Rf1 Qb8 21. Bc3 Qe8 22. e3 Bc7 23. Qd2 b6 24. Rac1 Rg6 25. c5 bxc5 26. Bxa5 Bd6 27. Bc3 g4 28. Nh4 Rg5 29. Bb2 cxd4 30. Rxc6 dxe3 31. Qxe3 Qe7 32. f4 gxf3+ 33. Nxf3 f4 34. Qe2 Rg6 35. Ne5 Bxe5 36. Bxe5 Nxe5 37. Qxe5 Re8 38. Rxf4 Qb7 39. Rc7 Qxb3 40. Rff7 Qa2+ 41. Kh3 1-0

[Event "FIDE WYCC Girls U14 2023"]
[Site "Montesilvano"]
[Date "2023.11.15"]
[Round "3.7"]
[White "Tsetskhladze, Mariam"]
[Black "Romany, Joy"]
[Result "1-0"]
[ECO "B48"]
[WhiteElo "1911"]
[BlackElo "1764"]
[Annotator "NA"]
[PlyCount "95"]
[EventDate "2023.11.13"]
[EventType "swiss"]
[EventCountry "ITA"]
[SourceTitle "playchess.com"]
[Source "ChessBase"]
[SourceQuality "1"]
[TimeControl "40/5400+30:1800+30"]

1. e4 c5 2. Nf3 e6 3. d4 cxd4 4. Nxd4 Nc6 5. Nc3 Qc7 6. Be3 a6 7. g4 b5 8. Nxc6 Qxc6 9. Qd2 Bb7 10. O-O-O b4 11. Ne2 Nf6 12. f3 d5 13. e5 Nd7 14. f4 Nc5 15. Nd4 Qa4 16. Kb1 Ne4 17. Qe1 Rc8 18. Bd3 Bc5 19. f5 Bxd4 20. Bxd4 O-O 21. b3 Qa5 22. Bxe4 dxe4 23. Rc1 e3 24. Rf1 Be4 25. Qxe3 exf5 26. gxf5 Bxc2+ 27. Ka1 Qd5 28. Bb2 Qd3 29. Qg5 h6 30. Qg4 Rc3 31. Rg1 g6 32. fxg6 fxg6 33. Qxb4 Rc6 34. Qe7 Qd8 35. Qb4 a5 36. Qb5 Qe8 37. Qe2 Bf5 38. Qe3 Kh7 39. Rxc6 Qxc6 40. Rc1 Qe6 41. Rd1 Bg4 42. Rd6 Rf1+ 43. Bc1 Rxc1+ 44. Kb2 Rb1+ 45. Kxb1 Bf5+ 46. Kb2 Qc8 47. Qc3 Qa8 48. Qc7+ 1-0

[Event "FIDE WYCC Girls U14 2023"]
[Site "Montesilvano"]
[Date "2023.11.15"]
[Round "3.8"]
[White "Iordache, Alexia-Andreea"]
[Black "Natoli, Alessia"]
[Result "0-1"]
[ECO "B67"]
[WhiteElo "1892"]
[BlackElo "1756"]
[Annotator "NA"]
[PlyCount "154"]
[EventDate "2023.11.13"]
[EventType "swiss"]
[EventCountry "ITA"]
[SourceTitle "playchess.com"]
[Source "ChessBase"]
[SourceQuality "1"]
[TimeControl "40/5400+30:1800+30"]

1. e4 c5 2. Nf3 Nc6 3. d4 cxd4 4. Nxd4 Nf6 5. Nc3 d6 6. Bg5 e6 7. Qd2 a6 8. O-O-O Bd7 9. f3 Nxd4 10. Qxd4 Be7 11. h4 b5 12. e5 dxe5 13. Qxe5 Qb6 14. Kb1 h6 15. Bf4 Qc5 16. Qxc5 Bxc5 17. Bd3 Bc6 18. Be5 Ke7 19. Rhf1 Rad8 20. g4 Bd4 21. Bxd4 Rxd4 22. Ne2 Rd6 23. Rde1 g5 24. h5 Ba8 25. Ng3 Kf8 26. a4 b4 27. Be4 Kg7 28. Bxa8 Rxa8 29. Ne4 Rd4 30. Nc5 Rd5 31. Nb3 Rad8 32. Kc1 Nd7 33. Re4 a5 34. c4 bxc3 35. bxc3 Rc8 36. Kc2 Ne5 37. Rd4 Rxd4 38. Nxd4 Nc4 39. Re1 Kf6 40. Nb5 Rc5 41. Re4 e5 42. Re2 Rd5 43. Nc7 Rd8 44. Nb5 Rd7 45. Re4 Nd2 46. Re3 Rd5 47. Nc7 Rd8 48. Nb5 Rd7 49. Na3 Ke6 50. Nb5 Nc4 51. Re2 Kd5 52. Re1 Kc5 53. Re2 f6 54. Rf2 f5 55. gxf5 Rf7 56. Kd3 Rxf5 57. Nc7 g4 58. Ne6+ Kd6 59. Ng7 Rf4 60. Ke2 Rf7 61. fxg4 Rxg7 62. Rf6+ Ke7 63. Rxh6 Rxg4 64. Rc6 Nb2 65. Ra6 Rxa4 66. h6 Kf7 67. Kd2 Rh4 68. Kc2 Rh2+ 69. Kb3 a4+ 70. Ka3 Kg8 71. Re6 Kh7 72. Rc6 e4 73. Re6 e3 74. Kb4 e2 75. Ka3 Nd3 76. Kxa4 e1=Q 77. Rxe1 Nxe1 0-1

[Event "FIDE WYCC Girls U14 2023"]
[Site "Montesilvano"]
[Date "2023.11.15"]
[Round "3.9"]
[White "Ciarletta, Iris"]
[Black "Sachi Jain"]
[Result "1/2-1/2"]
[ECO "D37"]
[WhiteElo "1882"]
[BlackElo "1743"]
[Annotator "NA"]
[PlyCount "118"]
[EventDate "2023.11.13"]
[EventType "swiss"]
[EventCountry "ITA"]
[SourceTitle "playchess.com"]
[Source "ChessBase"]
[SourceQuality "1"]
[TimeControl "40/5400+30:1800+30"]

1. d4 d5 2. c4 e6 3. Nc3 Be7 4. Nf3 Nf6 5. Bf4 O-O 6. h3 b6 7. e3 Bb7 8. Be2 c5 9. O-O Nbd7 10. Bg3 Rc8 11. cxd5 Nxd5 12. Nb5 a6 13. Nd6 Bxd6 14. Bxd6 Re8 15. Bg3 cxd4 16. Nxd4 Nc5 17. Bf3 Qe7 18. Bxd5 Bxd5 19. Nf5 exf5 20. Qxd5 Qe4 21. Rfd1 Qxd5 22. Rxd5 f6 23. Rxf5 Ne4 24. Kh2 Rc2 25. b3 Rd8 26. Rf4 Nxg3 27. Kxg3 Rdd2 28. a3 Rb2 29. b4 Ra2 30. Rc1 Rxa3 31. Rc8+ Kf7 32. Rc7+ Kf8 33. Rg4 g5 34. Rgc4 Rad3 35. Rb7 Rd7 36. Rxb6 R2d6 37. Rcc6 Rxc6 38. Rxc6 Kf7 39. Rxa6 Rb7 40. Ra4 Ke6 41. Kf3 f5 42. Ra6+ Kf7 43. Ra5 Rxb4 44. Rxf5+ Kg6 45. Rd5 Rb3 46. Rd4 h5 47. g3 Kf6 48. Ra4 Kg6 49. Ra5 Rc3 50. Ra6+ Kg7 51. h4 g4+ 52. Kf4 Rc2 53. f3 Rf2 54. Kg5 Rxf3 55. Ra7+ Kf8 56. Kxh5 Rxg3 57. Ra4 Rxe3 58. Rxg4 Re6 59. Ra4 Kg7 1/2-1/2

[Event "FIDE WYCC Girls U14 2023"]
[Site "Montesilvano"]
[Date "2023.11.15"]
[Round "3.10"]
[White "Maklakova, Naomi"]
[Black "Sezdbekova, Aizhan"]
[Result "1/2-1/2"]
[ECO "A46"]
[WhiteElo "1873"]
[BlackElo "1594"]
[Annotator "NA"]
[PlyCount "147"]
[EventDate "2023.11.13"]
[EventType "swiss"]
[EventCountry "ITA"]
[SourceTitle "playchess.com"]
[Source "ChessBase"]
[SourceQuality "1"]
[TimeControl "40/5400+30:1800+30"]

1. d4 Nf6 2. Nf3 e6 3. Bf4 c5 4. e3 d5 5. c3 Bd6 6. Bg3 Qc7 7. Nbd2 Nbd7 8. Bd3 b6 9. Rc1 Bb7 10. c4 Rc8 11. O-O Bxg3 12. hxg3 O-O 13. cxd5 exd5 14. dxc5 bxc5 15. Qa4 Bc6 16. Qh4 Rb8 17. b3 Qa5 18. Rc2 Bb5 19. Bxb5 Qxb5 20. Rfc1 Rfe8 21. Qh3 Rb6 22. g4 a5 23. g5 Ne4 24. Nxe4 dxe4 25. Nd2 Rd6 26. Nc4 Rd5 27. Qg4 Nb6 28. Qf4 Nc8 29. g3 g6 30. Kg2 f5 31. gxf6 Rf5 32. Qh4 Rf8 33. Qxe4 R8xf6 34. Qa8 Rf8 35. Qe4 Re8 36. Qh4 Qc6+ 37. Kf1 Qf3 38. g4 Rff8 39. Re2 Kg7 40. Nd2 Qd5 41. e4 Qe5 42. Kg2 Rf7 43. Rh1 Kg8 44. Nf3 Qg7 45. Ng5 Rd7 46. Qg3 h6 47. Nh3 Nd6 48. f3 Nb5 49. Nf4 Nc3 50. Rc2 g5 51. Nh5 Qd4 52. Qf2 Qe5 53. Qf1 Nd1 54. Qe2 Red8 55. Ng3 Qf4 56. Kh3 Rd2 57. Rxd2 Rxd2 58. Qc4+ Kh7 59. Rxd1 Rxd1 60. Qe2 Rd2 61. Qa6 Qxf3 62. Qb7+ Kg8 63. Qc8+ Kf7 64. Qb7+ Ke6 65. Qc6+ Kf7 66. Qc7+ Kg8 67. Qc8+ Kf7 68. Qc7+ Ke6 69. Qc8+ Kf7 70. Qc7+ Ke6 71. Qc6+ Ke5 72. Qxc5+ Kf4 73. Qf8+ Ke3 74. Qc5+ 1/2-1/2

[Event "FIDE WYCC Girls U14 2023"]
[Site "Montesilvano"]
[Date "2023.11.15"]
[Round "3.11"]
[White "Piddubna, Bozhena"]
[Black "Cutiyog, Jirah Floravie"]
[Result "1-0"]
[ECO "E67"]
[WhiteElo "2081"]
[BlackElo "1305"]
[Annotator "NA"]
[PlyCount "91"]
[EventDate "2023.11.13"]
[EventType "swiss"]
[EventCountry "ITA"]
[SourceTitle "playchess.com"]
[Source "ChessBase"]
[SourceQuality "1"]
[TimeControl "40/5400+30:1800+30"]

1. Nf3 Nf6 2. g3 g6 3. Bg2 Bg7 4. O-O O-O 5. d4 d6 6. c4 Nbd7 7. Nc3 e5 8. e3 Re8 9. a4 exd4 10. Nxd4 Nc5 11. a5 Nfe4 12. Nd5 Be6 13. Qc2 f5 14. Nxe6 Rxe6 15. Rb1 c6 16. Nf4 Re7 17. b4 Nd7 18. Rb3 Rc8 19. Rd1 Ndf6 20. Rbd3 Rd7 21. Ne6 Qe7 22. Nxg7 Kxg7 23. Bb2 Rcd8 24. Ba1 Kf7 25. Qb2 Qe5 26. Qa2 Qe7 27. a6 Rb8 28. axb7 Rbxb7 29. Qa4 c5 30. b5 Rb6 31. Bb2 h6 32. Qa1 Kg7 33. Ra3 Qf7 34. Bxe4 fxe4 35. Bxf6+ Qxf6 36. Rxa7 Rbb7 37. Rxb7 Rxb7 38. Qxf6+ Kxf6 39. Rxd6+ Kf5 40. Rc6 Rd7 41. Rxc5+ Kg4 42. Kg2 g5 43. h3+ Kh5 44. Rc6 Rh7 45. g4+ Kh4 46. b6 1-0